 Dungeon Crawl Stone Soup version 0.31-a0-977-gc230f8ef24 (webtiles) character file.

Game seed: 8868452943447542674

469 skwerlee the Skirmisher (level 7, -8/59 HPs)
             Began as a Human Hunter on Oct 29, 2023.
             Mangled by Duvessa
             ... wielding a +0 rapier
              (12 damage)
             ... on level 4 of the Dungeon.
             The game lasted 00:11:39 (3775 turns).

skwerlee the Skirmisher (Human Hunter)              Turns: 3775, Time: 00:11:39

Health: -8/59      AC:  8    Str:  9 (11) XL:     7   Next: 31%
Magic:  7/7        EV:  5    Int:  8 (10) God:
Gold:   103        SH:  0    Dex: 17 (18) Spells: 6/6 levels left

rFire   . . .        p - +0 hand axe (flame)
rCold   . . .        (no shield)
rNeg    . . .        m - +0 chain mail
rPois   .            (no helmet)
rElec   .            (no cloak)
rCorr   .            (no gloves)
SInv    .            (no boots)
Will    .....        (no amulet)
Stlth   +            (no ring)
HPRegen 0.00/turn    (no ring)
MPRegen 0.10/turn

%: no passive effects
@: inhibited regen
A: claws 1, talons 1, inhibited regeneration
a: no special abilities


You were on level 4 of the Dungeon.
You visited 1 branch of the dungeon, and saw 4 of its levels.

You collected 184 gold pieces.
You spent 81 gold pieces at shops.

Inventory:

Hand Weapons
 a - a +0 shortbow
 p - a +0 hand axe of flaming (weapon)
Armour
 m - a +0 chain mail (worn)
Jewellery
 h - a ring of protection from cold
Scrolls
 b - a scroll of butterflies
 d - a scroll of enchant armour {unknown}
 f - 3 scrolls of teleportation {unknown}
 g - a scroll of silence {unknown}
 i - 2 scrolls of identify
 k - 2 scrolls of poison
 n - a scroll of noise {unknown}
 o - a scroll of amnesia {unknown}
 q - a scroll of fog {unknown}
 s - a scroll of revelation {unknown}
Potions
 c - a potion of mutation
 e - a potion of invisibility {unknown}
 j - 2 potions of haste {unknown}
 l - a potion of degeneration
 r - a potion of might {unknown}


   Skills:
 + Level 6.8 Fighting
 + Level 0.3 Axes
 + Level 8.7 Ranged Weapons
 - Level 2.0 Dodging
 + Level 6.5 Stealth


You had 6 spell levels left.
You didn't know any spells.
Your spell library contained the following spells:

 Spells                   Type           Power      Damage    Failure   Level
 Apportation              Tloc           0%         N/A       100%        1
 Necrotise                Necr           0%         1d4       100%        1
 Summon Small Mammal      Summ           0%         N/A       100%        1


Dungeon Overview and Level Annotations

Branches:
Dungeon (4/15)
 Temple: D:4-7

Altars:

Shops:
D:2 (

Annotations:
D:4 Duvessa


Innate Abilities, Weirdness & Mutations

You have sharp fingernails.
You have sharp toenails.
You do not regenerate when monsters are visible.


Message History

The arrow hits Duvessa but does no damage.
Dowan hits you but does no damage.
Your +0 hand axe of flaming bursts into flame!
p - a +0 hand axe of flaming (weapon)
Dowan hits you with a +0 dagger. Duvessa hits you with a +0 rapier!
You hit Duvessa. You claw Duvessa, but do no damage.
Duvessa is lightly wounded.
You hit Dowan. You burn Dowan. Dowan hits you with a +0 dagger.
Duvessa hits you with a +0 rapier. Dowan completely misses you.
You hit Duvessa.
Duvessa is lightly wounded.
You barely miss Dowan. Duvessa barely misses you.
Dowan hits you with a +0 dagger.
You closely miss Duvessa.
Duvessa is lightly wounded.
You hit Dowan. You burn Dowan. Duvessa barely misses you.
Dowan points at you and mumbles some strange words.
The puff of flame misses you. Duvessa hits you with a +0 rapier!
You hit Duvessa. You claw Duvessa, but do no damage.
Duvessa is lightly wounded.
You hit Dowan. You burn Dowan.
You kill Dowan!
Duvessa screams in rage.
Duvessa goes berserk!
Duvessa barely misses you. Duvessa hits you with a +0 rapier.
It was a potion of degeneration.
There was something very wrong with that liquid.
You feel weakened.
You feel dopey.
You feel clumsy. Duvessa hits you with a +0 rapier!
* * * LOW HITPOINT WARNING * * *
You hit Duvessa but do no damage. You claw Duvessa.
Duvessa is lightly wounded.
Duvessa hits you with a +0 rapier!
* * * LOW HITPOINT WARNING * * *
Duvessa hits you with a +0 rapier.
* * * LOW HITPOINT WARNING * * *
You hit Duvessa. You burn Duvessa.
Duvessa is lightly wounded.
Duvessa hits you with a +0 rapier!
You die...

#.##.#.## #### #.####.#.#
#.##..... ...# .....#....
#.##.#.## ...##.#.......#'#.##
#.#.##.#.# .(.##.#..
.........####.#.##.#.# ...##...#
#.......#...<.....#.# ...+....#
#.......#.##....###.# ...##...#
.#...e...#.#.......#.#
...##...##.##...@).#.#.....#.#.##
...##..............#.#.....#.#.##
...##.#....#.......#.#.......#.##
...##.#....#.......#.#.).....#.##
...........#.......#.#...###.#.##
...e...............'.#...#.....##
.#e.<......#.......#####.........
...†.......#...............###.##
...#######.#####...###......##.##


You could see Duvessa (berserk).

Vanquished Creatures
  A scorpion (D:3)
  Dowan (D:4)
  A howler monkey (D:4)
  2 hounds (D:4)
  A gnoll bouda (D:2)
  An orc wizard (D:4)
  3 adders
  5 gnolls
  4 worms
  4 dart slugs
  3 orcs
  7 bats
  7 endoplasms
  3 giant cockroaches
  6 goblins
  5 hobgoblins
  4 jackals (D:2)
  4 quokkas
  7 ball pythons
  2 frilled lizards (D:3)
  8 kobolds
  3 rats
82 creatures vanquished.

Notes
Turn   | Place    | Note
-------+----------+-------------------------------------------
     0 | D:1      | skwerlee the Human Hunter began the quest for the Orb.
     0 | D:1      | Reached XP level 1. HP: 16/16 MP: 1/1
    33 | D:1      | Reached XP level 2. HP: 22/22 MP: 2/2
   358 | D:1      | Reached XP level 3. HP: 27/27 MP: 3/3
   570 | D:2      | Reached skill level 7 in Ranged Weapons
   570 | D:2      | Reached XP level 4. HP: 41/41 MP: 4/4
   667 | D:2      | Found Beng's Weapon Shop.
   914 | D:2      | Reached XP level 5. HP: 33/47 MP: 5/5
  1070 | D:2      | Found a faded altar of an unknown god.
  1404 | D:3      | Reached skill level 8 in Ranged Weapons
  1427 | D:2      | Gained mutation: You do not regenerate when monsters are
                  | visible. [potion of mutation]
  1427 | D:2      | Gained mutation: You have sharp fingernails. [potion of
                  | mutation]
  1427 | D:2      | Gained mutation: You have sharp toenails. [potion of
                  | mutation]
  1427 | D:2      | HP: 2/47 [gnoll bouda/+0 club (7)]
  2018 | D:3      | Reached XP level 6. HP: 28/53 MP: 6/6
  2601 | D:2      | Bought a +0 hand axe of flaming for 81 gold pieces
  3026 | D:4      | Noticed Dowan
  3027 | D:4      | Noticed Duvessa
  3589 | D:4      | Reached XP level 7. HP: 38/59 MP: 7/7
  3772 | D:4      | Killed Dowan
  3775 | D:4      | Mangled by Duvessa

Illustrated notes

Levels and vault maps discovered:
D:1:      minmay_arrival_jagged, layout_basic
D:2:      layout_basic, dreamdust_ecumenical_altar_angels_and_demons,
          serial_shops, nicolae_shop_bloodbath_and_beyond
D:3:      layout_basic, hangedman_decor_diamond_cutter, nicolae_grassy_gnolls
D:4:      layout_basic, uniq_edmund, uniq_duvessa

Skill      XL: |  1  2  3  4  5 |
---------------+----------------+-----
Fighting       | 6 |  6.8
Ranged Weapons | 7 8 |  8.7
Stealth        | 6 |  6.5
Axes           | |  0.3
Dodging        | |  2.0

Action                     |  1- 3 |  4- 6 |  7- 9 || total
---------------------------+-------+-------+-------++-------
  Melee: Hand axe          |       |    30 |     8 ||    38
         Kick              |       |     9 |     3 ||    12
         Punch             |       |     1 |       ||     1
   Fire: Shortbow          |    41 |   185 |    14 ||   240
    Use: Scroll            |     1 |     1 |       ||     2
         Potion            |     1 |     1 |     1 ||     3
   Stab: Sleeping          |       |     1 |       ||     1
 Armour: Leather armour    |     8 |       |       ||     8
         Chain mail        |       |   137 |    20 ||   157
  Dodge: Dodged            |     7 |    58 |     7 ||    72

Table legend: (Time is in decaauts)
 A = Elapsed time spent in this place.
 B = Non-inter-level travel time spent in this place.
 C = Inter-level travel time spent in this place.
 D = Time resting spent in this place.
 E = Time spent auto-exploring this place.
 F = Levels seen in this place.
 G = Mean time per level.
                   A        B        C        D        E       F      G
               +--------+--------+--------+--------+--------+-----+--------+
         Total |   3899 |   3735 |    164 |   1158 |   1899 |   4 |  974.8 |
       Dungeon |   3899 |   3735 |    164 |   1158 |   1899 |   4 |  974.8 |
               +--------+--------+--------+--------+--------+-----+--------+

Top non-repeatable levels by time:
     D:2: 1708 daAuts
     D:3: 1059 daAuts
     D:4: 644 daAuts
     D:1: 486 daAuts
